 Dungeon Crawl Stone Soup version 0.30-a0-913-g9934a0ce24 (webtiles) character file.

Game seed: 6428624304205784575

2 FallingFreak the Grasshopper (level 1, -1/17 HPs)
             Began as a Ghoul Warper on Mar 19, 2023.
             Slain by a jackal (2 damage)
             ... on level 1 of the Dungeon.
             The game lasted 00:00:25 (49 turns).

FallingFreak the Grasshopper (Ghoul Warper)           Turns: 49, Time: 00:00:25

Health: -1/17      AC:  3    Str: 14    XL:     1   Next: 40%
Magic:  2/2        EV: 11    Int:  8    God:
Gold:   19         SH:  0    Dex:  8    Spells: 3/3 levels left

rFire   . . .      SeeInvis .    a - +0 spear
rCold   + . .      Faith    .    (no shield)
rNeg    + + +      Spirit   .    b - +0 leather armour
rPois   ∞          Reflect  .    (no helmet)
rElec   .          Rampage  .    (no cloak)
rCorr   .                        (no gloves)
Will    .....                    (no boots)
Stlth   +                        (no amulet)
HPRegen 0.00/turn                (no ring)
MPRegen 0.08/turn                (no ring)

@: inhibited regen
A: claws 1, cold resistance 1, negative energy resistance 3, inhibited
regeneration, torment resistance 2, devour on kill
a: no special abilities


You were on level 1 of the Dungeon.
You visited 1 branch of the dungeon, and saw 1 of its levels.

You collected 19 gold pieces.

Inventory:

Hand Weapons
 a - a +0 spear (weapon)
Missiles
 d - 7 boomerangs of dispersal (quivered) {!f}
Armour
 b - a +0 leather armour (worn)
Scrolls
 f - a scroll of blinking


   Skills:
 + Level 2.2 Fighting
 + Level 1.8 Polearms
 - Level 0.8 Throwing
 + Level 1.0 Armour
 - Level 1.7 Dodging
 + Level 1.8 Spellcasting
 + Level 2.7 Translocations


You had 3 spell levels left.
You didn't know any spells.
Your spell library contained the following spells:

 Spells                   Type           Power      Damage    Failure   Level
 Blink                    Tloc           10%        N/A       22%         2
 Lesser Beckoning         Tloc           10%        N/A       22%         2
 Teleport Other           Tloc           5%         N/A       41%         3
 Vhi's Electric Charge    Tloc/Air       4%         N/A       61%         3
 Manifold Assault         Tloc           5%         N/A       82%         4


Dungeon Overview and Level Annotations

Branches:
Dungeon (1/15) Zot: 5949

Altars:


Innate Abilities, Weirdness & Mutations

You are immune to poison.
You have sharp fingernails.
Your flesh is cold resistant. (rC+)
You are immune to negative energy. (rN+++)
You do not regenerate when monsters are visible.
You are immune to unholy pain and torment.
You thrive by killing the living.


Message History

Unknown command.
Reach: a) +0 spear
Press: ? - help, Dir - move target, f/p - jackal
Aim: a jackal (severely wounded, about 50% to evade your +0 spear)
You hit the jackal.
You kill the jackal!
The jackal closely misses you.
Your Armour skill increases to level 1!
Unknown command.
Reach: a) +0 spear
Press: ? - help, Dir - move target, f - jackal
Aim: a jackal (about 50% to evade your +0 spear)
You closely miss the jackal. The jackal bites you.
* * * LOW HITPOINT WARNING * * *
Unknown command.
Reach: a) +0 spear
Press: ? - help, Dir - move target, f/p - jackal
Aim: a jackal (about 50% to evade your +0 spear)
You barely miss the jackal. The jackal bites you.
* * * LOW HITPOINT WARNING * * *
Unknown command.
Reach: a) +0 spear
Press: ? - help, Dir - move target, f/p - jackal
Aim: a jackal (about 50% to evade your +0 spear)
You closely miss the jackal. The jackal bites you.
* * * LOW HITPOINT WARNING * * *
The jackal barely misses you.
Unknown command.
Reach: a) +0 spear
Press: ? - help, Dir - move target, f/p - jackal
Aim: a jackal (about 50% to evade your +0 spear)
You barely miss the jackal. The jackal barely misses you.
Unknown command.
Reach: a) +0 spear
Press: ? - help, Dir - move target, f/p - jackal
Aim: a jackal (about 50% to evade your +0 spear)
You hit the jackal.
You kill the jackal!
The jackal bites you.
You die...

#.#.###.#
####........
# .. #@#
##'###+##.
#.#h#
#...#...#
#...#
#...#.>.#
###.#
#...#...#
..#
#.<.#.>.#
.###
#...#...# .#
#...#.>.# h.
#...#...# h.
##+###+## ..


You could see a jackal.

Vanquished Creatures
  3 jackals (D:1)
3 creatures vanquished.

Notes
Turn   | Place    | Note
-------+----------+-------------------------------------------
     0 | D:1      | FallingFreak the Ghoul Warper began the quest for the Orb.
     0 | D:1      | Reached XP level 1. HP: 17/17 MP: 2/2
    45 | D:1      | Reached skill level 1 in Armour
    49 | D:1      | Slain by a jackal

Illustrated notes

Levels and vault maps discovered:
D:1:      minmay_arrival_up_and_down, layout_basic, minmay_misc_feat_roman

Skill      XL: |  1 |
---------------+----+-----
Armour         | 1 |  1.0
Fighting       | |  2.2
Polearms       | |  1.8
Throwing       | |  0.8
Dodging        | |  1.7
Spellcasting   | |  1.8
Translocations | |  2.7

Action                     || total
---------------------------++-------
  Melee: Spear             ||    19
 Armour: Leather armour    ||     3
  Dodge: Dodged            ||    11

Table legend: (Time is in decaauts)
 A = Elapsed time spent in this place.
 B = Non-inter-level travel time spent in this place.
 C = Inter-level travel time spent in this place.
 D = Time resting spent in this place.
 E = Time spent auto-exploring this place.
 F = Levels seen in this place.
 G = Mean time per level.
                   A        B        C        D        E       F      G
               +--------+--------+--------+--------+--------+-----+--------+
         Total |     49 |     49 |      0 |      0 |     28 |   1 |   49.0 |
       Dungeon |     49 |     49 |      0 |      0 |     28 |   1 |   49.0 |
               +--------+--------+--------+--------+--------+-----+--------+

Top non-repeatable levels by time:
     D:1: 49 daAuts
